 Dungeon Crawl Stone Soup version 0.31.0 (webtiles) character file.

Game seed: 10909656448290670812

2498038 Flugkiller the Conqueror (level 23, 203/225 (240) HPs)
             Began as a Minotaur Fighter on Jan 19, 2024.
             Was a Follower of Lugonu.
             Escaped with the Orb
             ... and 4 runes!
             The game lasted 00:46:24 (57697 turns).

Flugkiller the Conqueror (Minotaur Fighter)        Turns: 57697, Time: 00:46:25

HP:   203/225 (240) AC: 45    Str: 27    XL:     23   Next: 46%
MP:   22/22         EV: 14    Int: 10    God:    Lugonu [*.....]
Gold: 3900          SH: 15    Dex: 11    Spells: 22/22 levels left

rFire   + . .        A - +7 broad axe (spect)
rCold   + . .        W - +2 kite shield {rF+}
rNeg    . . .        S - +2 plate armour {Will+}
rPois   .            F - +2 hat
rElec   .            G - +2 cloak {Will+}
rCorr   .            k - +2 pair of gloves {infuse}
SInv    .            E - +2 pair of boots {rampage}
Will    +++..        N - amulet of regeneration Stlth
                     r - ring of the Tortoise {AC+8}
HPRegen 1.37/turn    L - ring of Xom's Flight of Fancy {Wiz rC+ Int+5}
MPRegen 0.18/turn

%: rampage, wizardry (x1), infuse magic (1 MP)
@: mildly poisoned (203 -> 203), studying Stealth, drained
A: horns 2, retaliatory headbutt, clumsy 1, teleportitis 1, weak 1
0: Orb of Zot
}: 4/15 runes: serpentine, barnacled, silver, abyssal
a: Renounce Religion, Depart the Abyss


You escaped.
You worshipped Lugonu.
Lugonu was aware of your devotion.
You visited 8 branches of the dungeon, and saw 44 of its levels.
You visited the Abyss 2 times.
You also visited: Bailey and Gauntlet.

You collected 22628 gold pieces.
You spent 6598 gold pieces at shops.
You paid 12130 gold pieces to Gozag.

Inventory:

Hand Weapons
 A - a +7 spectral broad axe (weapon)
   (You found it in a Gauntlet)
Missiles
 M - 4 throwing nets (quivered)
Armour
 k - a +2 pair of gloves of infusion (worn)
   (You bought it in a shop on level 3 of the Dungeon)
 y - +0 pearl dragon scales
   (You found it on level 6 of the Dungeon)
 E - a +2 pair of boots of rampaging (worn)
   (You found it in a Gauntlet)
 F - a +2 hat (worn)
   (You took it off Gastronok on level 2 of the Lair of Beasts)
 G - a +2 cloak of willpower (worn)
   (You bought it in a shop on level 1 of the Lair of Beasts)
 S - a +2 plate armour of willpower (worn)
   (You bought it in a shop on level 1 of the Vaults)
 W - a +2 kite shield of fire resistance (worn)
   (You took it off a naga warrior on level 4 of the Snake Pit)
Jewellery
 f - a ring of protection from fire
   (You found it on level 5 of the Vaults)
 m - a ring of willpower
   (You found it on level 4 of the Lair of Beasts)
 o - a ring of poison resistance
   (You bought it in a shop on level 1 of the Lair of Beasts)
 r - the ring of the Tortoise (left hand) {AC+8}
   (You found it on level 4 of the Vaults)

   [ring of protection]

   AC+8:      It affects your AC (+8).
 L - the ring of Xom's Flight of Fancy (right hand) {Wiz rC+ Int+5}
   (You bought it in a shop on level 1 of the Lair of Beasts)

   [ring of wizardry]

   Wiz:       It improves your spell success rate.
   Int+5:     It affects your intelligence (+5).
   rC+:       It protects you from cold.
 N - an amulet of regeneration (around neck)
   (You bought it in a shop on level 1 of the Lair of Beasts)
 V - the ring of Rooch {rF+ Dex+3}
   (You found it in a Gauntlet)

   [ring of protection from fire]

   Dex+3:     It affects your dexterity (+3).
   rF+:       It protects you from fire.
Wands
 a - a wand of mindburst (24)
   (You found it on level 1 of the Lair of Beasts)
 g - a wand of digging (3)
   (You found it on level 5 of the Vaults)
 D - a wand of charming (28)
   (You took it off Maggie on level 8 of the Dungeon)
 P - a wand of acid (34)
   (You found it on level 13 of the Dungeon)
 Y - a wand of iceblast (6)
   (You found it on level 1 of the Vaults)
Scrolls
 e - 6 scrolls of silence
 B - 3 scrolls of vulnerability
 H - 2 scrolls of revelation
 I - 2 scrolls of fog
 K - 3 scrolls of immolation
 Q - 4 scrolls of fear
 Z - a scroll of summoning
Potions
 d - 2 potions of might
 h - a potion of haste
 i - 3 potions of magic
 j - a potion of invisibility
 n - 3 potions of resistance
 q - 14 potions of curing
 s - 10 potions of mutation
 v - 5 potions of enlightenment
 w - 3 potions of heal wounds
 J - 2 potions of cancellation
 U - 3 potions of lignification
 X - a potion of berserk rage
Miscellaneous
 b - a phial of floods
   (You found it in a Gauntlet)
 u - a lightning rod (4/4)
   (You found it in a Gauntlet)
 x - a box of beasts
   (You found it in a Gauntlet)
 C - a tin of tremorstones (2/2)
   (You found it on level 15 of the Dungeon)


   Skills:
 O Level 27 Fighting
 + Level 21.6 Axes
 + Level 24.0 Armour
 + Level 17.1 Dodging
 - Level 15.0 Shields
 + Level 15.4 Evocations


You had 22 spell levels left.
You didn't know any spells.
Your spell library contained the following spells:

 Spells                   Type           Power      Damage    Failure   Level
 Freeze                   Ice            0%         1d3       58%         1
 Kiss of Death            Conj/Necr      0%         2d5       58%         1
 Magic Dart               Conj           0%         1d3       58%         1
 Slow                     Hex            0%         N/A       58%         1
 Sting                    Conj/Alch      0%         1d3       58%         1
 Summon Small Mammal      Summ           0%         N/A       58%         1
 Blink                    Tloc           0%         N/A       71%         2
 Call Imp                 Summ           0%         N/A       71%         2
 Ensorcelled Hibernation  Hex/Ice        0%         N/A       71%         2
 Mercury Vapours          Alch/Air       0%         N/A       71%         2
 Scorch                   Fire           0%         2d5       71%         2
 Searing Ray              Conj           0%         2d4       71%         2
 Sublimation of Blood     Necr           0%         N/A       71%         2
 Call Canine Familiar     Summ           0%         N/A       90%         3
 Confusing Touch          Hex            0%         N/A       90%         3
 Dazzling Flash           Conj/Hex       0%         N/A       90%         3
 Frozen Ramparts          Ice            0%         1d1       90%         3
 Hailstorm                Conj/Ice       0%         3d5       90%         3
 Inner Flame              Hex/Fire       0%         N/A       90%         3
 Mephitic Cloud           Conj/Alch/Air  0%         N/A       90%         3
 Passwall                 Erth           0%         N/A       90%         3
 Sigil of Binding         Hex            0%         N/A       90%         3
 Stone Arrow              Conj/Erth      0%         3d7       90%         3
 Swiftness                Air            0%         N/A       90%         3
 Vampiric Draining        Necr           0%         2d6       90%         3
 Animate Armour           Summ/Erth      0%         N/A       99%         4
 Animate Dead             Necr           0%         N/A       99%         4
 Cause Fear               Hex            0%         N/A       99%         4
 Dispel Undead            Necr           0%         3d6       99%         4
 Flame Wave               Conj/Fire      0%         2d4       99%         4
 Fulminant Prism          Conj/Alch      0%         3d5       99%         4
 Ignite Poison            Fire/Alch      0%         N/A       99%         4
 Leda's Liquefaction      Alch/Erth      0%         N/A       99%         4
 Manifold Assault         Tloc           0%         N/A       99%         4
 Olgreb's Toxic Radiance  Alch           0%         N/A       99%         4
 Petrify                  Alch/Erth      0%         N/A       99%         4
 Sticky Flame             Fire/Alch      0%         2d4       99%         4
 Summon Blazeheart Golem  Fire/Summ      0%         N/A       99%         4
 Vhi's Electric Charge    Tloc/Air       0%         N/A       99%         4
 Arcjolt                  Conj/Air       0%         1d10      100%        5
 Borgnjor's Vile Clutch   Necr/Erth      0%         N/A       100%        5
 Curse of Agony           Necr           0%         N/A       100%        5
 Fireball                 Conj/Fire      0%         3d3       100%        5
 Irradiate                Conj/Alch      0%         3d11      100%        5
 Metabolic Englaciation   Hex/Ice        0%         N/A       100%        5
 Silence                  Hex/Air        0%         N/A       100%        5
 Death Channel            Necr           0%         N/A       100%        6
 Dispersal                Tloc           0%         N/A       100%        6
 Plasma Beam              Fire/Air       0%         2x1d10    100%        6
 Summon Cactus Giant      Summ           0%         N/A       100%        6
 Malign Gateway           Summ/Tloc      0%         N/A       100%        7
 Summon Hydra             Summ           0%         N/A       100%        7
 Disjunction              Tloc           0%         N/A       100%        8
 Ignition                 Fire           0%         3d3       100%        8
 Lehudib's Crystal Spear  Conj/Erth      0%         10d2      100%        8
 Maxwell's Capacitive Co  Air            0%         ∞         100%        8
 Dragon's Call            Summ           0%         N/A       100%        9


Dungeon Overview and Level Annotations

Branches:
Dungeon (15/15)            Temple (0/1) D:6            Lair (5/5) D:9
 Shoals (4/4) Lair:3        Snake (4/4) Lair:2        Slime (0/5) Lair:4
    Orc (2/2) D:11            Elf (0/3) Orc:2        Vaults (5/5) D:14
  Crypt (0/3) Vaults:3     Depths (4/4) D:15            Zot (5/5) Depths:4
 Bailey (visited)         Gauntlet (visited)

Altars:
Ashenzari
Cheibriados
Dithmenos
Elyvilon
Fedhas
Gozag
Hepliaklqana
Qazlal
Trog

Shops:
D:3 ***!(   D:7 *   D:15 (   Orc:2 [!!!   Lair:1 [=   Shoals:4 ?   Vaults:1 ?[
Vaults:2 !   Vaults:3 [[   Vaults:4 !   Depths:1 [**:

Portals:
Hell: Depths:2 Depths:4
Abyss: Depths:4
Ziggurat: Depths:2

Annotations:
Lair:4 exclusion: 2 oklob plants
Shoals:4 exclusion: upstairs
Snake:1 Agnes
Vaults:2 1 runed translucent door
Depths:4 exclusion: 4 doors


Innate Abilities, Weirdness & Mutations

You have a pair of horns on your head.
You reflexively headbutt those who attack you in melee.
You are clumsy. (Dex -2)
You are occasionally teleported next to monsters.
You are weak. (Str -2)


Message History

You block the killer bee's attack. The killer bee closely misses you.
You furiously retaliate!
You headbutt the killer bee! You block the killer bee's attack.
The killer bee misses you.
The killer bee stings you but does no damage.
The killer bee attacks as it pursues you!
The killer bee stings you but does no damage.
The killer bee attacks as it pursues you!
You block the killer bee's attack. x3; The killer bee barely misses you.
The killer bee attacks as it pursues you!
The killer bee barely misses you. You furiously retaliate!
You headbutt the killer bee. You block the killer bee's attack. x2
You block the killer bee's attack.
There is a stone staircase leading up, spattered with blood here.
The killer bee barely misses you.
The killer bee stings you but does no damage.
You climb upwards.
There is a stone staircase leading down here.
There is a stone staircase leading up here.
You climb upwards.
There is a stone staircase leading down here.
HP restored.
There is an entrance to Nadon's Assorted Antiques here.
You see here a +6 ring of intelligence.
There is a stone staircase leading up here.
You climb upwards.
There is a stone staircase leading down here.
You see here 5 stones.
There is a stone staircase leading up here.
You climb upwards.
There is a stone staircase leading down here.
An Orb Guardian comes into view.
Gozag incites the Orb Guardian against you.
The Orb Guardian goes berserk!
Unknown command.
Gozag petitions for your drink to fail. The Orb Guardian closely misses you.
You slash the Orb Guardian! Your headbutt misses the Orb Guardian.
The Orb Guardian is lightly wounded.
Your +7 spectral broad axe hits the Orb Guardian!!
The Orb Guardian misses your +7 spectral broad axe.
You catch the helpless Orb Guardian completely off-guard!
You hit the Orb Guardian.
You headbutt the Orb Guardian, but do no damage.
The Orb Guardian is moderately wounded.
Your +7 spectral broad axe hits the Orb Guardian but does no damage.
The Orb Guardian hits you!!!
The Orb Guardian hits you but does no damage.
You slash the Orb Guardian! You headbutt the Orb Guardian!
The Orb Guardian is heavily wounded.
Your +7 spectral broad axe hits the Orb Guardian!
The Orb Guardian closely misses you.
You hit the Orb Guardian. Your headbutt misses the Orb Guardian.
The Orb Guardian is heavily wounded.
Your +7 spectral broad axe hits the Orb Guardian!!
The Orb Guardian hits you. The Orb Guardian completely misses you.
You furiously retaliate!
You headbutt the Orb Guardian!
You chop the Orb Guardian into pieces!!!
You kill the Orb Guardian!
Lugonu accepts your kill.
Your +7 spectral broad axe disappears.
An Orb Guardian comes into view.
Gozag incites the Orb Guardian against you.
The Orb Guardian goes berserk!
The Orb Guardian moves out of view.
The Orb Guardian rages.
There is a stone staircase leading up here.
The Orb Guardian hits you!!!
You climb upwards.
There is a stone staircase leading down here.
There is a stone staircase leading up here.
You climb upwards.
There is a stone staircase leading down here.
Magic restored.
There is a stone staircase leading up here.
You climb upwards.
There is a stone staircase leading down here.
There is a stone staircase leading up here.
You climb upwards.
There is a stone staircase leading down here.
A Betu and a red devil come into view.
Unknown command.
Gozag petitions for your drink to fail. Betu gestures at you.
The poison arrow hits you!
You are poisoned.
You feel very sick.
You feel very sick.
You feel very sick.
You feel sick.
You feel very sick.
You feel sick.
You feel sick.
Betu gestures.
Betu blinks!
There is a staircase leading out of the dungeon here.
You feel sick.
Betu gestures.
Betu blinks!
You have escaped!

....#.#####.####.##.########## #.
##.##.....#......##.# #.....# #.
#.##.###.#..&#####.# #.....###.
##.##.###.#.##.###.## #.........
............###.#.## ###.....###.
##....###..## ##.## ##.......# #.
......#...#.###.#§###.##.....###.
..........##.#.#.#.#.###.......).
#######.#.###.#.@.#.## #.........
..#.# #.#.##.#&#.#.#.###.........
#.#.# #.#.#.###§#.###.##.........
#.#.###.#..## ##.## ##...#.##....
#.#.......## ##.#.########.##....
..........####.###.##............
.........###..#####.#|####....#.#
#.#......##..## #...............#
.........##.## #.#.....##....###


You could see Betu.

Vanquished Creatures
  A dread lich (Vaults:5)
  An ancient lich (Abyss:4)
  A juggernaut (Depths:4)
  Bai Suzhen (Vaults:5)
  Saint Roka (Depths:1)
  A curse toe (Zot:5)
  Vashnia (Snake:4)
  6 caustic shrikes (Depths:4)
  Nikola (Snake:1)
  A pandemonium lord (D:15)
  A bone dragon (Abyss:4)
  5 Orb Guardians
  Rupert (D:13)
  A walking earthen tome (Depths:4)
  9 tentacled monstrosities
  A lich (Vaults:5)
  An Ice Fiend (D:11)
  7 titans (Vaults:5)
  3 tentacled starspawn
  9 sphinxes
  2 quicksilver dragons
  3 death cobs
  A kraken (Shoals:4)
  Gastronok (Lair:2)
  Polyphemus (Shoals:2)
  Kirke (Lair:5)
  6 shadow dragons
  5 tengu reavers (Vaults:5)
  Aizul (Snake:4)
  9 storm dragons
  A draconian monk (Zot:3)
  9 nagarajas (Snake:4)
  5 fire giants
  6 protean progenitors
  16 vault wardens
  A deep elf sorcerer (Vaults:5)
  2 draconian knights
  An iron dragon (Vaults:5)
  6 frost giants
  A draconian scorcher (Zot:2)
  A ghost moth (Zot:2)
  3 draconian annihilators
  A draconian stormcaller (Zot:2)
  18 ironbound preservers
  3 very ugly things
  2 broodmothers (Zot:3)
  A spriggan defender (Depths:4)
  2 formless jellyfish
  2 orc warlords
  10 stone giants
  A vampire knight (Depths:1)
  A green draconian (Zot:3)
  3 deep elf death magi (Vaults:5)
  6 ironbound thunderhulks
  2 lorocyprocas (Abyss:4)
  3 red draconians
  3 white draconians (Zot:3)
  A minotaur (Gauntlet)
  14 dire elephants
  2 deep elf annihilators (Vaults:5)
  A purple draconian (Zot:3)
  3 war gargoyles
  A black draconian (Zot:3)
  A blizzard demon (D:15)
  4 yellow draconians
  14 ettins
  An eidolon (Abyss:2)
  2 fire dragons
  3 deep elf high priests
  3 merfolk javelineers (Shoals:4)
  14 yaktaur captains
  3 merfolk impalers
  3 entropy weavers (Vaults:3)
  32 vault guards
  3 ice dragons
  3 rakshasas
  A spriggan zombie (Abyss:2)
  A ghost crab (Gauntlet)
  4 great orbs of eyes
  2 salamander tyrants
  15 anacondas
  A catoblepas (Shoals:2)
  2 hydras
  A peacekeeper (Vaults:2)
  A spriggan air mage (Depths:4)
  4 death knights
  A quicksilver dragon skeleton (Abyss:2)
  22 centaur warriors
  An ogre mage (Vaults:5)
  2 merfolk avatars
  5 boulder beetles
  2 merfolk aquamancers (Shoals:2)
  20 naga warriors
  11 death yaks
  7 two-headed ogres
  Erica (Lair:1)
  4 satyrs
  9 ironbound frosthearts
  3 deep troll shamans
  A demonic crawler (D:15)
  5 deep troll earth magi
  5 hell hogs
  8 thrashing horrors
  6 tengu warriors
  5 orc high priests (Orc:2)
  3 spriggan berserkers (Depths:4)
  18 naga sharpshooters
  An occultist (D:15)
  10 shock serpents
  Nergalle (D:11)
  A hell knight (Vaults:5)
  A skyshark (shapeshifter) (Vaults:5)
  A deep elf knight (D:14)
  A soul eater (Vaults:3)
  A skyshark (Shoals:2)
  A fire crab (Lair:5)
  3 wretched stars
  A spriggan (Depths:4)
  A skeletal warrior (D:15)
  A salamander mystic (Snake:4)
  A death drake (Abyss:4)
  A shadow wraith (Vaults:3)
  4 iron trolls
  2 goliath frogs (Zot:1)
  2 glowing orange brains
  6 sea snakes
  A sea snake (shapeshifter) (Vaults:5)
  An orb spider (Abyss:4)
  A flayed ghost (Abyss:4)
  A deep troll (shapeshifter) (Vaults:5)
  9 arcanists
  4 naga ritualists
  42 deep trolls
  6 mana vipers
  A shadow dragon zombie (Abyss:2)
  23 ironbound convokers
  2 deep elf zephyrmancers
  5 lindwurms
  6 necromancers
  15 harpies
  An eye of devastation (shapeshifter) (Vaults:5)
  2 wolf spider zombies (D:12)
  4 phantasmal warriors
  7 orc knights
  5 deep elf pyromancers
  12 manticores
  5 orc sorcerers (Orc:2)
  44 ugly things
  6 elephants (Lair:4)
  4 wolf spiders
  Maurice (D:12)
  14 fauns
  An alligator skeleton (Abyss:2)
  9 moths of wrath
  11 salamanders
  3 cyclopes
  5 merfolk sirens
  10 centaur zombies
  A fire giant skeleton (Vaults:3)
  10 guardian serpents
  5 kobold blastminers (Orc:2)
  2 centaur skeletons (D:15)
  An eye of devastation (Abyss:4)
  36 black mambas
  16 naga magi
  A water nymph (shapeshifter) (Depths:4)
  An orange demon (Abyss:2)
  2 smoke demons
  20 cane toads
  4 torpor snails (Lair:1)
  Maggie (D:8)
  19 vault sentinels
  A water nymph (Shoals:4)
  An unseen horror (D:12)
  A rime drake (Lair:2)
  A kobold demonologist (D:13)
  3 large abominations (Abyss:4)
  8 komodo dragons
  10 freezing wraiths
  2 tengu conjurers
  2 efreet
  30 yaktaurs
  A silent spectre (Abyss:4)
  An ice devil (Depths:4)
  2 ancient zymes (Abyss:4)
  8 trolls
  A harpy zombie (Abyss:2)
  12 polar bears
  A tarantella (Vaults:3)
  3 glass eyes
  5 raiju (Abyss:4)
  A wind drake (Shoals:1)
  17 dream sheep
  4 hornets
  18 merfolk
  6 snapping turtles (Shoals:4)
  2 centaur simulacra (D:15)
  39 blink frogs
  13 slime creatures
  A jumping spider (Vaults:3)
  15 water elementals
  2 ettin skeletons (Abyss:4)
  4 shadows
  10 wraiths
  4 vampires
  3 ynoxinuls
  7 basilisks
  15 wyverns
  5 starcursed masses (Abyss:4)
  9 redbacks
  A black mamba skeleton (Abyss:2)
  8 neqoxecs
  11 wargs
  75 yaks
  17 humans (D:14)
  3 steam dragons
  A human simulacrum (Vaults:3)
  A yaktaur simulacrum (Vaults:3)
  2 vampire mosquitoes (D:12)
  A chaos spawn (Abyss:4)
  Menkaure (D:7)
  31 nagas
  An acid dragon (D:10)
  23 water moccasins
  4 ice beasts
  16 hell hounds (Lair:5)
  54 orc warriors
  14 black bears
  9 laughing skulls (Abyss:2)
  10 ogres
  22 wolves
  10 centaurs
  2 phantoms (D:4)
  3 kobold brigands
  4 weeping skulls (Abyss:4)
  A gnoll sergeant (D:8)
  6 small abominations
  11 bullfrogs
  10 wights
  6 killer bees (D:11)
  6 electric eels
  3 howler monkeys
  A quasit (Abyss:4)
  4 jellies
  A jelly (shapeshifter) (Vaults:5)
  30 orc priests
  2 bombardier beetles
  4 gnoll boudas
  3 hounds
  An iguana (D:7)
  A sleepcap (D:7)
  28 orc wizards
  A boggart skeleton (D:15)
  17 gnolls
  9 adders
  A white imp (Abyss:4)
  2 ufetubi (D:7)
  4 dart slugs
  A ribbon worm (D:3)
  121 orcs
  8 endoplasms
  5 giant cockroaches
  11 goblins
  8 hobgoblins
  3 jackals (D:2)
  13 kobolds
  2 quokkas (D:1)
  3 ball pythons
  6 bats
  A frilled lizard (D:3)
  4 rats
  2 aspiring fleshes
  3 starspawn tentacles (Abyss:4)
  4 tentacles (Shoals:4)
1831 creatures vanquished.

Vanquished Creatures (collateral kills)
  An electric golem (Zot:5)
  2 Orb Guardians (Zot:5)
  A neqoxec (D:15)
  An orc warrior (Bailey)
  3 orcs (Bailey)
8 creatures vanquished.

Vanquished Creatures (others)
  An ancient lich (Zot:5)
  An orb of fire (Zot:5)
  2 golden dragons (Zot:5)
  3 Orb Guardians (Zot:5)
  Nessos (D:12)
  A red draconian (Zot:2)
  A sixfirhy (D:10)
  An ice devil (D:10)
  A raiju (Lair:5)
  4 humans (Lair:5)
  A centaur (Bailey)
  A wight (D:9)
  A bombardier beetle (D:5)
  An orc wizard (Orc:2)
  2 orcs (Bailey)
  52 spectral weapons
  6 starspawn tentacles
  3 tentacles (Shoals:4)
83 creatures vanquished.

Grand Total: 1922 creatures vanquished

Notes
Turn   | Place    | Note
-------+----------+-------------------------------------------
     0 | D:1      | Flugkiller the Minotaur Fighter began the quest for the
                  | Orb.
     0 | D:1      | Reached XP level 1. HP: 19/19 MP: 0/0
   148 | D:1      | Reached XP level 2. HP: 21/27 MP: 1/1
   373 | D:1      | Reached skill level 4 in Fighting
   891 | D:2      | Reached XP level 3. HP: 30/33 MP: 2/2
  1727 | D:3      | Reached XP level 4. HP: 41/41 MP: 3/3
  1756 | D:3      | Found Jofril's Weapon Shoppe.
  1817 | D:3      | Found Kezur's Distillery.
  1827 | D:3      | Bought a potion of heal wounds for 65 gold pieces
  1890 | D:3      | Found Jisheir's Assorted Antiques.
  1925 | D:3      | Found Piovuur's General Store.
  2004 | D:3      | Found Azuy's Assorted Antiques.
  2010 | D:3      | Bought a scroll labelled ENUOH WOCERORO for 27 gold pieces
  2267 | D:4      | Reached XP level 5. HP: 47/47 MP: 4/4
  2344 | D:4      | Reached skill level 5 in Fighting
  2378 | D:4      | Noticed a phantom
  2387 | D:4      | Killed a phantom
  2415 | D:4      | Noticed a phantom
  2421 | D:4      | Killed a phantom
  2422 | D:4      | Reached XP level 6. HP: 56/56 MP: 5/5
  2436 | D:4      | Reached skill level 5 in Axes
  2471 | D:4      | Found a shadowy altar of Dithmenos.
  2573 | D:4      | Found a bloodstained altar of Trog.
  2682 | D:4      | Found a stormy altar of Qazlal.
  2818 | D:5      | Entered Level 5 of the Dungeon
  2885 | D:5      | Found an opulent altar of Gozag.
  2919 | D:5      | Became a worshipper of Gozag Ym Sagoz the Greedy
  3019 | D:5      | Reached skill level 6 in Fighting
  3019 | D:5      | Reached skill level 5 in Shields
  3058 | D:5      | Reached skill level 5 in Armour
  3058 | D:5      | Reached XP level 7. HP: 53/64 MP: 6/6
  3668 | D:6      | Reached skill level 1 in Evocations
  3679 | D:6      | Reached skill level 7 in Fighting
  3855 | D:6      | Reached XP level 8. HP: 68/71 MP: 7/7
  3855 | D:6      | Found a staircase to the Ecumenical Temple.
  3926 | D:6      | Noticed a two-headed ogre
  3951 | D:6      | Killed a two-headed ogre
  3952 | D:6      | Reached skill level 8 in Fighting
  4759 | D:3      | Bought a pair of embroidered gloves for 180 gold pieces
  4857 | D:7      | Reached XP level 9. HP: 62/82 MP: 3/8
  5004 | D:7      | Noticed Menkaure
  5010 | D:7      | Killed Menkaure
  5373 | D:7      | Reached skill level 9 in Fighting
  5807 | D:7      | Found Nadon's Assorted Antiques.
  5813 | D:7      | Bought a runed bone ring for 110 gold pieces
  6377 | D:8      | Reached skill level 5 in Evocations
  6510 | D:8      | Noticed a two-headed ogre
  7209 | D:8      | Noticed Maggie
  7225 | D:8      | Killed Maggie
  7226 | D:8      | Reached XP level 10. HP: 59/93 MP: 4/9
  7479 | D:9      | Reached skill level 10 in Fighting
  7539 | D:9      | Reached skill level 10 in Axes
  7678 | D:9      | Found a flagged portal.
  7689 | Bailey   | Entered a bailey
  8175 | Bailey   | Reached skill level 11 in Fighting
  8587 | Bailey   | Reached skill level 13 in Fighting
  8587 | Bailey   | Reached XP level 11. HP: 107/107 MP: 10/10
  8913 | D:9      | Found a white marble altar of Elyvilon.
  8929 | D:9      | Noticed a deep elf pyromancer
  8938 | D:9      | Paralysed by a hornet for 2 turns
  8942 | D:9      | Reached XP level 12. HP: 108/115 MP: 9/11
  9307 | D:9      | Noticed a centaur warrior
  9312 | D:9      | Killed a centaur warrior
  9837 | D:9      | Found a staircase to the Lair.
 10034 | D:10     | Entered Level 10 of the Dungeon
 10563 | D:10     | Noticed a boulder beetle
 10580 | D:10     | Killed a boulder beetle
 10855 | D:10     | Reached skill level 14 in Fighting
 11213 | D:3      | Bought a scroll labelled EMNOLI ASMOPH for 24 gold pieces
 11543 | Lair:1   | Entered Level 1 of the Lair of Beasts
 11549 | Lair:1   | Bought a runed cloak for 202 gold pieces
 11555 | Lair:1   | it's over
 11649 | D:11     | Noticed a boulder beetle
 11649 | D:11     | Noticed a two-headed ogre
 11654 | D:11     | Killed a two-headed ogre
 11669 | D:11     | Killed a boulder beetle
 11986 | D:11     | Found a staircase to the Orcish Mines.
 12406 | D:11     | Noticed Nergalle
 12421 | D:11     | Killed Nergalle
 12903 | D:12     | Noticed Nessos
 12923 | D:12     | Reached skill level 15 in Fighting
 12923 | D:12     | Reached skill level 10 in Armour
 12928 | D:12     | Reached XP level 13. HP: 97/126 MP: 0/12
 12932 | D:12     | Found a gate leading to a gauntlet.
 12945 | Gauntlet | Entered a Gauntlet
 12945 | Gauntlet | Noticed a blizzard demon
 12945 | Gauntlet | Found a transporter.
 12945 | Gauntlet | Found a transporter.
 12945 | Gauntlet | Found a transporter.
 13033 | Gauntlet | Found a transporter.
 13036 | Gauntlet | Found a transporter.
 13038 | Gauntlet | Found a large runed translucent door.
 13039 | Gauntlet | Found a large runed translucent door.
 13040 | Gauntlet | Found a large runed translucent door.
 13040 | Gauntlet | Found a large runed translucent door.
 13040 | Gauntlet | Found a runed translucent door.
 13041 | Gauntlet | Found a large runed translucent door.
 13042 | Gauntlet | Found a large runed translucent door.
 13043 | Gauntlet | Found a large runed translucent door.
 13043 | Gauntlet | Found a large runed translucent door.
 13044 | Gauntlet | Found a runed translucent gate.
 13046 | Gauntlet | Found a transporter.
 13061 | Gauntlet | Found a transporter.
 13068 | Gauntlet | Found a transporter.
 13086 | Gauntlet | Found a transporter.
 13094 | Gauntlet | Found a transporter.
 13114 | Gauntlet | Found a transporter.
 13156 | Gauntlet | Found a large runed translucent door.
 13157 | Gauntlet | Found a large runed translucent door.
 13158 | Gauntlet | Found a large runed translucent door.
 13158 | Gauntlet | Found a large runed translucent door.
 13158 | Gauntlet | Found a runed translucent door.
 13159 | Gauntlet | Found a large runed translucent door.
 13160 | Gauntlet | Found a large runed translucent door.
 13161 | Gauntlet | Found a large runed translucent door.
 13161 | Gauntlet | Found a large runed translucent door.
 13162 | Gauntlet | Found a runed translucent gate.
 13162 | Gauntlet | Found a runed translucent gate.
 13164 | Gauntlet | Found a transporter.
 13339 | Gauntlet | Identified the ring of Rooch {rF+ Dex+3}
 13375 | Gauntlet | Identified the +1 helmet of the Kettle-Drum {Harm rPois
                  | Int-4 Dex-5}
 13376 | Gauntlet | Identified the +9 falchion "Xoukidu" {elec, rCorr}
 13387 | Gauntlet | Noticed a minotaur
 13399 | Gauntlet | Killed a minotaur
 13400 | Gauntlet | Reached skill level 15 in Axes
 13564 | Gauntlet | Identified the +2 ring mail "Posoix" {^Drain Int+3}
 13663 | D:12     | Killed Nessos
 14424 | D:12     | Noticed Maurice
 14427 | D:12     | Killed Maurice
 14762 | Lair:1   | Reached skill level 16 in Fighting
 15185 | Lair:1   | Noticed Erica
 15191 | Lair:1   | Killed Erica
 15322 | Lair:1   | Found a snail-covered altar of Cheibriados.
 15527 | D:3      | Bought a scroll of enchant weapon for 90 gold pieces
 16354 | Lair:2   | Reached XP level 14. HP: 115/138 MP: 1/13
 16494 | Lair:2   | Noticed Gastronok
 16503 | Lair:2   | Killed Gastronok
 16709 | Lair:2   | Found a staircase to the Snake Pit.
 17051 | Lair:2   | Reached skill level 17 in Fighting
 17051 | Lair:2   | Reached skill level 10 in Shields
 18326 | Lair:3   | Found a staircase to the Shoals.
 19410 | Lair:4   | Found a blossoming altar of Fedhas.
 19717 | Lair:4   | Found a staircase to the Slime Pits.
 20191 | Lair:5   | Entered Level 5 of the Lair of Beasts
 20493 | Lair:5   | Identified the flux talisman "Cutiess" {rPois Str+2 Dex-2}
 20542 | Lair:5   | Reached skill level 18 in Fighting
 21127 | Lair:5   | Reached XP level 15. HP: 115/150 MP: 0/14
 21649 | Lair:5   | Noticed Kirke
 21656 | Lair:5   | Killed Kirke
 21657 | Lair:5   | Reached skill level 19 in Fighting
 23686 | D:13     | Noticed Rupert
 23698 | D:13     | Killed Rupert
 24443 | D:14     | Reached skill level 20 in Fighting
 25085 | D:14     | Found a gate to the Vaults.
 25368 | D:14     | Reached XP level 16. HP: 165/165 MP: 6/15
 25553 | D:15     | Entered Level 15 of the Dungeon
 25624 | D:15     | Found Valaip Teucs's Antique Weapon Shop.
 25914 | D:15     | Reached skill level 21 in Fighting
 26819 | D:15     | Reached skill level 15 in Armour
 27315 | D:15     | Found a staircase to the Depths.
 27479 | Orc:1    | Entered Level 1 of the Orcish Mines
 27673 | Orc:2    | Entered Level 2 of the Orcish Mines
 28393 | Orc:2    | Reached skill level 22 in Fighting
 28540 | Orc:2    | Found Pelipnyu's Antique Armour Boutique.
 28566 | Orc:2    | Found Buimpio's Distillery.
 28572 | Orc:2    | Bought a potion of resistance for 150 gold pieces
 29090 | Abyss:2  | Cast into level 2 of the Abyss (orc warlord)
 29152 | Abyss:2  | Noticed a tentacled starspawn
 29159 | Abyss:2  | Killed a tentacled starspawn
 29357 | Abyss:2  | Found a corrupted altar of Lugonu.
 29487 | Abyss:2  | Found a corrupted altar of Lugonu.
 29490 | Orc:2    | Escaped the Abyss
 29496 | Orc:2    | Reached XP level 17. HP: 153/157 MP: 8/16
 29502 | Orc:2    | Reached skill level 15 in Shields
 29582 | Orc:2    | Found Tadimire's Distillery.
 29653 | Orc:2    | Bought 2 potions of mutation for 208 gold pieces
 29653 | Orc:2    | Bought 2 potions of haste for 260 gold pieces
 29702 | Orc:2    | Found Zytrypli's Distillery.
 29765 | Orc:2    | Bought a potion of cancellation for 128 gold pieces
 29765 | Orc:2    | Bought 2 potions of haste for 320 gold pieces
 29765 | Orc:2    | Bought a potion of mutation for 128 gold pieces
 29765 | Orc:2    | Bought a potion of resistance for 160 gold pieces
 29765 | Orc:2    | Bought a potion of mutation for 128 gold pieces
 30222 | Orc:2    | Found a staircase to the Elven Halls.
 30583 | Orc:2    | Bought a heavily runed chain mail for 323 gold pieces
 30583 | Orc:2    | Identified the +0 chain mail "Kionutas" {Will+} (You bought
                  | it in a shop on level 2 of the Orcish Mines)
 30774 | Lair:1   | Bought an amulet of regeneration for 450 gold pieces
 30807 | Snake:1  | Entered Level 1 of the Snake Pit
 30950 | Snake:1  | Reached skill level 23 in Fighting
 31985 | Snake:1  | Noticed Agnes
 32414 | Lair:1   | Bought a ring of poison resistance for 300 gold pieces
 32472 | Snake:1  | Noticed Nikola
 32480 | Snake:1  | Killed Nikola
 32545 | Snake:2  | Reached skill level 1 in Dodging
 33422 | Snake:2  | Identified the +5 quarterstaff "Orb Guardian's Bane"
                  | {flame, rC- Str+5 Dex+4}
 33657 | Snake:3  | Found a broken altar of Ashenzari.
 33772 | Snake:3  | Reached skill level 24 in Fighting
 34239 | Snake:3  | Reached XP level 18. HP: 190/190 MP: 15/17
 34476 | Snake:3  | Reached skill level 5 in Dodging
 35138 | Snake:4  | Entered Level 4 of the Snake Pit
 35138 | Snake:4  | Identified the serpent talisman of Space {rC+ Will- Int+7
                  | Stlth-}
 35138 | Snake:4  | Noticed Aizul
 35150 | Snake:4  | Killed Aizul
 36081 | Snake:4  | Noticed Vashnia
 36207 | Snake:4  | Killed Vashnia
 36929 | Snake:4  | Reached skill level 10 in Evocations
 36964 | Snake:4  | Got a serpentine rune of Zot
 37413 | Shoals:1 | Entered Level 1 of the Shoals
 37719 | Shoals:2 | Noticed Polyphemus
 37725 | Shoals:2 | Killed Polyphemus
 38151 | Shoals:4 | Entered Level 4 of the Shoals
 38865 | Shoals:4 | Reached XP level 19. HP: 186/200 MP: 14/18
 39164 | Shoals:4 | Found Epohimm's Magic Scroll Shoppe.
 39194 | Shoals:4 | Bought a scroll of blinking for 150 gold pieces
 39219 | Shoals:4 | Bought a scroll of teleportation for 60 gold pieces
 39391 | Shoals:4 | Identified the staff of Nocashea {rElec rC+ Dex+3 Air
                  | Earth}
 39422 | Shoals:4 | Reached skill level 25 in Fighting
 39430 | Shoals:4 | Got a barnacled rune of Zot
 39887 | Vaults:1 | Entered Level 1 of the Vaults
 41437 | Vaults:1 | Reached skill level 10 in Dodging
 41751 | Vaults:1 | Bought a scroll of blinking for 127 gold pieces
 41753 | Vaults:1 | Bought a runed plate armour for 1118 gold pieces
 42054 | Lair:1   | Bought the ring of Xom's Flight of Fancy {Wiz rC+ Int+5}
                  | for 817 gold pieces
 42377 | Vaults:2 | Found Wofuulo's Distillery.
 42386 | Vaults:2 | Bought a potion of heal wounds for 80 gold pieces
 42386 | Vaults:2 | Bought a potion of cancellation for 128 gold pieces
 42390 | Vaults:2 | Found a runed translucent door.
 44171 | Vaults:3 | Reached XP level 20. HP: 212/212 MP: 12/19
 44382 | Vaults:3 | Found a staircase to the Crypt.
 44594 | Vaults:3 | Reached skill level 26 in Fighting
 45248 | Vaults:3 | Found Boos's Antique Armour Shoppe.
 45322 | Vaults:3 | Found Fish's Armour Shop.
 45469 | Vaults:4 | Found Vaclatar's Distillery.
 45494 | Vaults:4 | Bought a potion of cancellation for 176 gold pieces
 45494 | Vaults:4 | Bought a potion of might for 88 gold pieces
 45494 | Vaults:4 | Bought a potion of heal wounds for 110 gold pieces
 45766 | Vaults:4 | Found the ring of the Tortoise {AC+8}
 47507 | Vaults:5 | Entered Level 5 of the Vaults
 47522 | Vaults:5 | Reached XP level 21. HP: 155/222 MP: 0/20
 48101 | Vaults:5 | Identified the +10 mace "Killer Bee's Peril" {pain,
                  | ^Fragile rElec Dex+2}
 48127 | Vaults:5 | Reached skill level 27 in Fighting
 48129 | Vaults:5 | Identified the +8 rapier "Doddeikk" {holy, rElec}
 48383 | Vaults:5 | Identified the +6 war axe "Kapnyomp" {freeze, rElec rF+
                  | rCorr Str-3 Dex+2}
 49196 | Vaults:5 | Identified the +5 orcbow "Brush" {heavy, rElec rF+ Str+3
                  | Int-5 Dex+3}
 49725 | Vaults:5 | Identified the +9 shortbow "Utymaopt" {flame, rF++ rC-
                  | rN++}
 49811 | Vaults:5 | Identified the +3 leather armour of Integrity {+Blink rN+
                  | MP+9 Str-2}
 49814 | Vaults:5 | Noticed a dread lich
 49831 | Vaults:5 | Killed a dread lich
 49832 | Vaults:5 | Noticed Bai Suzhen
 49912 | Vaults:5 | Killed Bai Suzhen
 49914 | Vaults:5 | Identified the +2 leather armour of the Orcish Mines
                  | {Dex+2}
 50275 | Vaults:5 | Got a silver rune of Zot
 50285 | Vaults:5 | Identified the staff "Foabluvy" {Fly Dex+3 Conj}
 50559 | Vaults:5 | Reached XP level 22. HP: 225/233 MP: 18/21
 50685 | Vaults:5 | Got the Papyrus of Electric Invitation
 51011 | Depths:1 | Entered Level 1 of the Depths
 51026 | Depths:1 | Found a hazy altar of Hepliaklqana.
 51146 | Depths:1 | Found Meelez's General Store.
 51149 | Depths:1 | Found Ocyneis's Book Shoppe.
 51149 | Depths:1 | Found Jairuel's Antique Armour Emporium.
 51152 | Depths:1 | Found Idanouto's Assorted Antiques.
 51154 | Depths:1 | Bought a scroll of enchant armour for 90 gold pieces
 51159 | Depths:1 | Identified the ring of the Hero {^Drain Will+ Int+3 SInv
                  | Stlth+}
 51229 | Depths:1 | Noticed Saint Roka
 51250 | Depths:1 | Killed Saint Roka
 51380 | Depths:2 | Found a one-way gateway to a ziggurat.
 51427 | Depths:2 | Reached skill level 15 in Dodging
 51440 | Depths:2 | Identified the ring of the Imp {rC+ Dex+6}
 51443 | Depths:2 | Found a gateway to Hell.
 51622 | Depths:4 | Entered Level 4 of the Depths
 51743 | Depths:4 | Noticed a caustic shrike
 51749 | Depths:4 | Killed a caustic shrike
 51817 | Depths:4 | Found a one-way gate to the infinite horrors of the Abyss.
 51822 | Depths:4 | Found a blossoming altar of Fedhas.
 51823 | Depths:4 | Found an opulent altar of Gozag.
 52125 | Depths:4 | Noticed a juggernaut
 52134 | Depths:4 | Killed a juggernaut
 52259 | Depths:4 | Noticed a caustic shrike
 52259 | Depths:4 | Noticed a caustic shrike
 52260 | Depths:4 | Noticed a caustic shrike
 52260 | Depths:4 | Noticed a caustic shrike
 52265 | Depths:4 | Killed a caustic shrike
 52267 | Depths:4 | Killed a caustic shrike
 52267 | Depths:4 | Noticed a caustic shrike
 52271 | Depths:4 | Killed a caustic shrike
 52276 | Depths:4 | Killed a caustic shrike
 52279 | Depths:4 | Killed a caustic shrike
 52402 | Depths:4 | Found a gate to the Realm of Zot.
 52481 | Zot:1    | Entered Level 1 of the Realm of Zot
 53266 | Zot:1    | Noticed a golden dragon
 53715 | Vaults:2 | Bought a potion of invisibility for 128 gold pieces
 54052 | D:3      | Bought a potion of invisibility for 104 gold pieces
 54052 | D:3      | Bought a potion of invisibility for 104 gold pieces
 54052 | D:3      | Bought a potion of heal wounds for 65 gold pieces
 55197 | Zot:5    | Entered Level 5 of the Realm of Zot
 55335 | Zot:5    | Noticed a curse toe
 55350 | Zot:5    | Killed a curse toe
 55598 | Zot:5    | Reached XP level 23. HP: 180/240 MP: 3/22
 55942 | Zot:5    | Reached skill level 15 in Evocations
 56015 | Zot:5    | Killed an ancient lich
 56020 | Zot:5    | Noticed an orb of fire
 56021 | Zot:5    | Noticed an ancient lich
 56021 | Zot:5    | Noticed an ancient lich
 56021 | Zot:5    | Noticed an orb of fire
 56022 | Zot:5    | Noticed a Killer Klown
 56042 | Zot:5    | Got the Orb of Zot
 56273 | Depths:4 | Noticed Tylewugh the pandemonium lord
 56337 | Depths:3 | Noticed Yminup the pandemonium lord
 56454 | D:15     | Noticed War Xourph the pandemonium lord
 56460 | Abyss:4  | Cast into level 4 of the Abyss (War Xourph)
 56724 | Abyss:4  | Gained mutation: You are clumsy. (Dex -2) [a neqoxec]
 56732 | Abyss:4  | Noticed an ancient lich
 56787 | Abyss:4  | Killed an ancient lich
 56882 | Abyss:4  | Gained mutation: You are occasionally teleported next to
                  | monsters. [a neqoxec]
 56890 | Abyss:4  | Got an abyssal rune of Zot
 57241 | Abyss:4  | WOW
 57242 | Abyss:4  | Found a corrupted altar of Lugonu.
 57265 | Abyss:4  | Fell from the grace of Gozag
 57265 | Abyss:4  | Became a worshipper of Lugonu the Unformed
 57265 | Abyss:4  | Reached * piety under Lugonu
 57265 | Abyss:4  | Reached ** piety under Lugonu
 57266 | D:15     | Escaped the Abyss
 57276 | D:15     | Gained mutation: You are weak. (Str -2) [a neqoxec]
 57288 | D:15     | Killed War Xourph the pandemonium lord
 57433 | D:11     | fuck you goz
 57460 | D:10     | Noticed Wedeuppi the pandemonium lord
 57680 | D:1      | Noticed Betu the pandemonium lord
 57697 | D:$      | Escaped with the Orb!

Illustrated notes #### ###..## ## ....##.....## ..# ......#....##.P. .##.P...... .... ...P...#.. ...##. .........##...... .>.............# #.<∩@.# #......# .....###### ##... .... ..... #?.. ...# Turn 11555 on Lair:1: it's over .........# #...XX...# #........# #........# #........# #...§.ΛΛ.#.. #.§§§w/\│... #..§@w..X.# ###.$§§§§..... #.....§.#..... ###~~~.### .##. #.#~≈~## # .# #.~~~##.# # ##≈~~..#.# #~~≈.#.## # ≈≈#### Turn 57241 on Abyss:4: WOW

#
#.............................
#
#....................####.....
# #....................#
#.....
####..######............#
#.^.## ......# #............#
#...# ......# #............#
#...# #####.# #............#
#...# #.#
#......[.....####...## #.#
#....@................ #####.#
#............####.....
......######............#
#.....
.................>......#
#..###
..............#########.# #..#
#####.........# #.# #..###
#.........# #.# #.....
#.#######.# #.####..... #.#
#.# #..........


Turn 57433 on D:11: fuck you goz

Levels and vault maps discovered:
D:1:      minmay_arrival_diagonal_passages, layout_basic,
          chequers_serial_rivers_micro_d, st_stairs_13
D:2:      layout_basic
D:3:      layout_rooms, serial_shops, nicolae_shop_window_shopping,
          nicolae_shop_rolling_square, nicolae_shop_tiny_statue_garden,
          nicolae_shop_getting_attention, shop, minmay_misc_feat_secret_circle
D:4:      layout_cave_pools, nicolae_dithmenos_through_a_glass_darkly,
          grunt_qazlal_clouds, lemuel_doored_altar, serial_bayou_pond_a,
          minivault_25, serial_library_hellmonk_long_bookcase
D:5:      layout_cave_pools, grunt_gozag_breadcrumbs,
          nicolae_twisty_statue_hallways
D:6:      minmay_general_purpose_star, layout_loops_ring,
          minmay_temple_entry_junction
D:7:      layout_gridville, serial_shops, nicolae_stop_n_shop_2,
          minmay_manual_maat, uniq_menkaure
D:8:      layout_layer_cave, dreamdust_gnoll_shepherd, uniq_maggie
D:9:      layout_basic, kennysheep_mini, erik_lair_dragon, enter_bailey_5,
          grunt_tough_drop
D:10:     layout_roguey, nzn_sisyphean_effort
D:11:     layout_small_grid, hiddenorc1_lemuel, uniq_nergalle
D:12:     layout_roguey, gauntlet_entry_generic, serial_undead, serial_undead_c,
          serial_undead_a, serial_undead_a, serial_undead_a, uniq_maurice,
          uniq_nessos
D:13:     layout_irregular_city, nooodl_orcs_dogs, uniq_rupert
D:14:     layout_small_grid, grunt_vaults_entry_tiered, kennysheep_crisscross
D:15:     grunt_enter_depths_magical_seal, layout_rooms, serial_shops, shop,
          hangedman_abyss_or_decor_clamps, hangedman_aviary
Lair:1:   layout_misc_corridors, kennysheep_snail_temple, grunt_megastairs_1,
          serial_bayou_shore_a, uniq_erica
Lair:2:   layout_cave_pods, guppyfry_snake_entry_island, uniq_gastronok
Lair:3:   layout_chaotic_city, nicolae_shoals_entry_roost
Lair:4:   layout_gridlike, minmay_slime_entry_pillars,
          grunt_forest_small_clearings, eino_small_chamber_without_monster,
          tgw_fedhas
Lair:5:   hangedman_lair_caniforms_friends, layout_loops_ring,
          hangedman_lair_tendril_chambers, uniq_kirke
Shoals:1: layout_shoals, nicolae_shoals_water_shrine
Shoals:2: layout_shoals, uniq_polyphemus, uniq_roxanne
Shoals:3: nicolae_shoals_lighthouse, layout_shoals, nicolae_shoals_wave_tunnel,
          uniq_mara
Shoals:4: shoals_end_grunt_garden, layout_shoals, serial_shops, shop_scrolls,
          kb_tengu_band
Snake:1:  layout_grid_maze, uniq_nikola, uniq_agnes
Snake:2:  layout_cave_shapes
Snake:3:  layout_chambers, basic_altar, serial_bayou_shore_b
Snake:4:  grunt_snake_rune_spirals, layout_concentric_octagons, basic_altar,
          uniq_aizul, uniq_vashnia
Orc:1:    layout_caves, basic_altar
Orc:2:    pubby_orc_utopia, serial_shops
Vaults:1: ontoclasm_vaults_ring_small, vaults_mumra_chevron, vaults_dpeg_cross,
          nicolae_vaults_trapezoid_lopsided_4, ontoclasm_vaults_shout,
          hangedman_vaults_variations, nicolae_vaults_steering_wheel,
          vaults_room_fancy_cross, v_misc_30, nicolae_vaults_layer_cake_slice,
          v_misc_14, nicolae_vaults_specimen_jars, nicolae_vaults_wine_cellar,
          nicolae_vaults_house_3, layout_vaults_chaotic_city
Vaults:2: v_misc_14, v_rooms_3, v_pattern_3, vaults_room_pools,
          nicolae_vaults_oozy_zoo, nicolae_vaults_theta, vaults_mumra_hexcomb,
          nicolae_vaults_two_Ls, hangedman_vaults_snaps,
          vaults_dpeg_encased_lava, v_misc_18, ontoclasm_vaults_tryst,
          nicolae_vaults_rhombus_7, nicolae_vaults_network_quinsquares
          [nicolae_vaults_network_quincunx_subvault,
          nicolae_vaults_network_quincunx_subvault,
          nicolae_vaults_network_quincunx_subvault,
          nicolae_vaults_network_quincunx_subvault], v_alt_pattern_1,
          ontoclasm_vaults_gateway, layout_vaults_maze_snakey, serial_shops,
          shop
Vaults:3: v_pattern_1, vaults_room_fours, v_misc_33,
          nicolae_vaults_big_angled_halls, nicolae_vaults_tetromino_L_2,
          grunt_vaults_focal, vaults_room_glass_cross, v_misc_17,
          nicolae_vaults_tetromino_T_2, vaults_room_stairs_pillars,
          nicolae_vaults_taking_the_gang_shopping,
          nicolae_vaults_offset_grid_hallway_1, v_misc_5,
          nicolae_vaults_house_1, layout_vaults_omnibox,
          minmay_crypt_entry_simple_box, serial_shops, nicolae_shop_stone
Vaults:4: v_misc_3, nicolae_vaults_oval_intersection,
          ontoclasm_vaults_misaligned, nicolae_vaults_heart-shaped_vault,
          ontoclasm_vaults_chip, nicolae_vaults_double_plus_2,
          nicolae_vaults_layer_cake_slice, nicolae_vaults_tetromino_Z_1,
          layout_vaults_quadrants, serial_shops, shop
Vaults:5: serial_shops, uniq_bai_suzhen
Depths:1: layout_forbidden_donut, grunt_hell_entry_dis_mu,
          minmay_misc_feat_room, nicolae_hepliaklqana_hazy_memory,
          grunt_megastairs_5, firewood_loft, minmay_shoptagon, uniq_saint_roka
Depths:2: hangedman_stitches_corridor, layout_gridlike, enter_ziggurat_e,
          grunt_pan_entry_zigzag, serial_bayou, serial_bayou_pond_c,
          serial_bayou_lagoon_a, serial_bayou_crossing, serial_bayou_lake_a,
          pf_coc_iceberg, nicolae_ru_sacrificial_ziggurat
Depths:3: hangedman_cross_stitches, layout_twisted_cross, abyss_entry_crystal,
          minmay_door_square, hangedman_geh_valley, uniq_jory
Depths:4: hangedman_slaughterboxes, abyss_entry, serial_shops, hell_entry
Zot:1:    layout_gridlike, nicolae_transporter_circle
Zot:2:    nicolae_zot_draconian_monastery, layout_concentric_octagons,
          basic_altar
Zot:3:    layout_concentric_octagons
Zot:4:    layout_cathedral_of_symmetry, lemuel_elevator
Zot:5:    layout_basic, grunt_ministairs_8, drop_trap

Skill      XL: |  1  2  3  4  5  6  7  8  9 10 11 12 13 14 15 16 17 18 19 20 21 22 23 |
---------------+----------------------------------------------------------------------+-----
Axes           | 3 4 5 6 8 9 12 14 16 18 19 21 | 21.6
Fighting       | 4 5 6 7 8 9 13 15 16 18 20 22 24 25 26 27 | 27.0
Shields        | 4 5 6 7 8 9 11 13 14 15 | 15.0
Armour         | 4 5 6 7 8 10 11 12 14 15 17 18 20 21 22 23 24 | 24.0
Evocations     | 1 3 5 6 8 9 10 12 13 14 15 | 15.4
Dodging        | 4 8 11 13 14 16 17 | 17.1

Action                     |  1- 3 |  4- 6 |  7- 9 | 10-12 | 13-15 | 16-18 | 19-21 | 22-24 || total
---------------------------+-------+-------+-------+-------+-------+-------+-------+-------++-------
  Melee: War axe           |    62 |    91 |   207 |   425 |    22 |       |       |       ||   807
         Headbutt          |     8 |    11 |    35 |   105 |   160 |   213 |   283 |   184 ||   999
         Broad axe         |       |       |       |       |   759 |  1044 |   854 |   562 ||  3219
 Invoke: Call Merchant     |       |       |       |     2 |       |       |     2 |       ||     4
         Potion Petition   |       |       |       |       |     1 |     3 |     1 |     2 ||     7
         Bribe Branch      |       |       |       |       |       |       |       |     2 ||     2
         Depart the Abyss  |       |       |       |       |       |       |       |     1 ||     1
  Evoke: Wand              |       |       |     5 |    19 |     4 |     5 |       |     6 ||    39
         Box of beasts     |       |       |       |       |     1 |       |       |       ||     1
         Lightning rod     |       |       |       |       |     1 |       |       |       ||     1
         Phial of floods   |       |       |       |       |     1 |     1 |       |       ||     2
         Tin of tremorston |       |       |       |       |       |     2 |       |       ||     2
    Use: Scroll            |     1 |     7 |     2 |    11 |     8 |    11 |     5 |    17 ||    62
         Potion            |     1 |     3 |       |     4 |     5 |     8 |     9 |    24 ||    54
   Stab: Distracted        |       |       |       |     3 |    10 |    13 |    25 |    11 ||    62
         Invisible         |       |       |       |       |       |       |       |    13 ||    13
 Armour: Scale mail        |     9 |       |       |       |       |       |       |       ||     9
         Chain mail        |    29 |    36 |    57 |       |   556 |   810 |    77 |       ||  1565
         Pearl dragon scal |       |       |   117 |   358 |    18 |       |       |       ||   493
         Plate armour      |       |       |       |       |       |       |   378 |   299 ||   677
  Dodge: Dodged            |    22 |    29 |    69 |   151 |   179 |   308 |   192 |   153 ||  1103
  Block: Buckler           |    26 |    55 |   120 |   274 |     6 |       |       |       ||   481
         Reflection        |     3 |     2 |     1 |     2 |    12 |    34 |       |       ||    54
         Kite shield       |       |       |       |       |   620 |   792 |   408 |   290 ||  2110
